 Dungeon Crawl Stone Soup version 0.27-a0-1147-gb3d8e82157 (webtiles) character file.

Game seed: 7619076631963529567

175 Froggeryz the Chiller (level 5, 0/35 HPs)
             Began as a Human Ice Elementalist on May 12, 2021.
             Succumbed to kobold brigand's curare-tipped dart
             ... on level 6 of the Dungeon.
             The game lasted 00:04:46 (2826 turns).

Froggeryz the Chiller (Human Ice Elementalist)      Turns: 2826, Time: 00:04:47

Health: 0/35       AC:  3    Str:  9    XL:     5   Next: 86%
Magic:  8/8        EV: 12    Int: 16    God:
Gold:   95         SH:  0    Dex: 13    Spells: 7/8 levels left

rFire    + . .     SeeInvis .   c - +1 flail (protect)
rCold    . . .     Faith    .   (no shield)
rNeg     . . .     Spirit   .   a - +0 robe
rPois    .         Reflect  .   (no helmet)
rElec    .         Harm     .   (no cloak)
rCorr    .         Rampage  .   (no gloves)
Will     .....                  e - +0 pair of boots
Stlth    ++........             (no amulet)
HPRegen  0.11/turn              j - ring of protection from fire
MPRegen  0.11/turn              (no ring)

@: lethally poisoned (0 -> -4), hasted and slowed
A: no striking features
a: no special abilities


You were on level 6 of the Dungeon.
You visited 1 branch of the dungeon, and saw 4 of its levels.
You also visited: Sewer.

You collected 95 gold pieces.

Inventory:

Hand Weapons
 c - a +1 flail of protection (weapon)
Armour
 a - a +0 robe (worn)
 e - a +0 pair of boots (worn)
Jewellery
 j - a ring of protection from fire (left hand)
Scrolls
 b - 2 scrolls of identify {unknown}
 d - 2 scrolls of enchant armour {unknown}
 h - a scroll of magic mapping


   Skills:
 - Level 2.0 Dodging
 - Level 2.0 Stealth
 - Level 2.0 Spellcasting
 * Level 6.6 Ice Magic


You had 7 spell levels left.
You knew the following spells:

 Your Spells              Type           Power      Damage    Failure   Level
a - Freeze                Ice            88%        1d10      1%          1

Your spell library contained the following spells:

 Spells                   Type           Power      Damage    Failure   Level
 Frozen Ramparts          Ice            44%        1d6       4%          3
 Ozocubu's Armour         Ice            22%        N/A       4%          3
 Hailstorm                Conj/Ice       12%        3d5       45%         4
 Metabolic Englaciation   Hex/Ice        6%         N/A       82%         5


Dungeon Overview and Level Annotations

Branches:
Dungeon (3/15)             Temple (0/1) D:6           Sewer (visited)

Altars:
Gozag


Message History

The orc hits you but does no damage.
You are poisoned.
You feel sick. The kobold hits you but does no damage.
You feel sick. The kobold hits you with a +0 club.
You feel sick. The kobold misses you.
You feel sick.
You feel sick.
The kobold throws a stone.
The stone closely misses you.
You feel sick.
You feel sick.
Found a leather armour.
You feel sick.
The kobold brigand throws a curare-tipped dart.
The curare-tipped dart closely misses you.
The kobold throws a stone.
The stone misses you.
You feel sick.
Found a stone staircase leading down.
You feel sick.
You feel sick.
You are no longer poisoned.
The kobold brigand throws a curare-tipped dart.
The curare-tipped dart misses you.
Found a staircase to the Ecumenical Temple.
The kobold brigand throws a curare-tipped dart.
The curare-tipped dart hits you.
You are poisoned.
You have difficulty breathing.
* * * LOW HITPOINT WARNING * * *
You feel yourself slow down.
* * * LOW HITPOINT WARNING * * *
You feel very sick.
Found a golden potion.
* * * LOW HITPOINT WARNING * * *
You feel sick.
* * * LOW HITPOINT WARNING * * *
You feel sick.
* * * LOW HITPOINT WARNING * * *
You feel sick.
Found a runed filigree amulet.
You aren't carrying any potions.
You die...

....# ....# .....
#...# .#### #.⌠.#
..
"....###...###..
................
+.⌠@.>..⌠...
#........... ...
####...###. .....
#.⌠.# ....
####...# #..#
#...##.#
##..###...##.###
#........>.......
#.....K..........


There were no monsters in sight!

Vanquished Creatures
  An ice beast (D:3)
  5 adders
  A worm (D:2)
  4 ball pythons
  2 endoplasms
  A giant cockroach (D:1)
  6 goblins
  4 hobgoblins
  2 kobolds (D:1)
  A quokka (D:1)
  8 bats
  A frilled lizard (D:1)
  3 rats (D:1)
39 creatures vanquished.

Notes
Turn   | Place    | Note
-------+----------+-------------------------------------------
     0 | D:1      | Froggeryz the Human Ice Elementalist began the quest for
                  | the Orb.
     0 | D:1      | Reached XP level 1. HP: 13/13 MP: 3/3
   445 | D:1      | Reached XP level 2. HP: 17/19 MP: 0/5
   748 | D:1      | Found a faded altar of an unknown god.
   859 | D:1      | Reached XP level 3. HP: 24/24 MP: 6/6
   967 | D:1      | You fall into a shaft and drop 1 floor!
  1652 | D:2      | Reached skill level 5 in Ice Magic
  1881 | D:2      | Reached XP level 4. HP: 10/30 MP: 3/7
  2172 | D:2      | You fall into a shaft and drop 1 floor!
  2314 | D:3      | Noticed an ice beast
  2467 | D:3      | HP: 1/30 [ice beast (11)]
  2471 | D:3      | Killed an ice beast
  2472 | D:3      | Reached skill level 6 in Ice Magic
  2472 | D:3      | Reached XP level 5. HP: 29/35 MP: 8/8
  2485 | D:3      | Found an opulent altar of Gozag.
  2666 | D:3      | Found a glowing drain.
  2676 | Sewer    | Entered a sewer
  2711 | Sewer    | Noticed Purgy
  2791 | D:3      | You fall into a shaft and drop 3 floors!
  2791 | D:6      | Noticed an ogre
  2802 | D:6      | Noticed a kobold brigand
  2819 | D:6      | Found a staircase to the Ecumenical Temple.
  2825 | D:6      | HP: 1/35 [poisoned by kobold brigand (curare-tipped dart)]
  2826 | D:6      | Succumbed to kobold brigand's curare-tipped dart

Illustrated notes

Levels and vault maps discovered:
D:1:      dpeg_arrival_subterranean_lakeside_camping, layout_basic,
          basic_ecumenical_altar, skrybe_limestone_x
D:2:      layout_basic, minmay_misc_feat_nine_boxes,
          chequers_serial_rivers_micro_d, uniq_natasha
D:3:      layout_loops_cross, fedhas_altar_fruit_tree,
          nicolae_gozag_seed_capital, portal_sewer_entry_d,
          minmay_misc_feat_square
D:6:      wander_guarded_unrand_ratskin, layout_gridville,
          nicolae_ru_sacrificial_ziggurat, minmay_temple_entry_junction,
          serial_shops, shop_coins, minivault_4

Skill      XL: |  1  2  3  4 |
---------------+-------------+-----
Ice Magic      | 5 6 |  6.6
Dodging        | |  2.0
Stealth        | |  2.0
Spellcasting   | |  2.0

Action                   |  1- 3 |  4- 6 || total
-------------------------+-------+-------++-------
Melee: Unarmed           |    10 |       ||    10
       Flail             |    46 |    40 ||    86
 Cast: Freeze            |    26 |     6 ||    32
  Use: Potion            |       |     4 ||     4
       Scroll            |       |     3 ||     3
 Stab: Sleeping          |     6 |     1 ||     7
       Distracted        |     1 |       ||     1
Armor: Robe              |    22 |    28 ||    50
Dodge: Dodged            |    43 |    40 ||    83

Table legend: (Time is in decaauts)
 A = Elapsed time spent in this place.
 B = Non-inter-level travel time spent in this place.
 C = Inter-level travel time spent in this place.
 D = Time resting spent in this place.
 E = Time spent auto-exploring this place.
 F = Levels seen in this place.
 G = Mean time per level.
                   A        B        C        D        E       F      G
               +--------+--------+--------+--------+--------+-----+--------+
         Total |   2839 |   2734 |    105 |    151 |   1922 |   5 |  567.8 |
       Dungeon |   2787 |   2682 |    105 |    151 |   1907 |   4 |  696.8 |
         Sewer |     52 |     52 |      0 |      0 |     15 |   1 |   52.0 |
               +--------+--------+--------+--------+--------+-----+--------+

Top non-repeatable levels by time:
     D:1: 1415 daAuts
     D:2: 807 daAuts
     D:3: 538 daAuts
   Sewer: 52 daAuts
     D:6: 24 daAuts
